 Dungeon Crawl Stone Soup version 0.27-a0-1065-ge809cff456 (webtiles) character file.

Game seed: 4626346929909963783

32 robertstho the Skirmisher (level 3, 0/36 HPs)
             Began as a Troll Fighter on Apr 23, 2021.
             Slain by a sky beast (3 damage)
             ... on level 2 of the Dungeon.
             The game lasted 00:01:10 (734 turns).

robertstho the Skirmisher (Troll Fighter)            Turns: 734, Time: 00:01:10

Health: 0/36       AC:  4    Str: 24    XL:     3   Next: 10%
Magic:  2/2        EV:  8    Int:  5    God:
Gold:   70         SH:  8    Dex:  9    Spells: 2/2 levels left

rFire    . . .     SeeInvis .     - Unarmed
rCold    . . .     Faith    .   b - +0 kite shield
rNeg     . . .     Spirit   .   a - +0 robe
rPois    .         Reflect  .   (helmet restricted)
rElec    .         Harm     .   (no cloak)
rCorr    .         Rampage  .   (gloves unavailable)
Will     .....                  (boots unavailable)
Stlth    +.........             (no amulet)
HPRegen  1.12/turn              (no ring)
MPRegen  0.08/turn              (no ring)

@: mighty
A: large, unfitting armour, claws 3, regeneration 1, shaggy fur 1, tough skin 1
a: no special abilities


You were on level 2 of the Dungeon.
You visited 1 branch of the dungeon, and saw 2 of its levels.

You collected 70 gold pieces.

Inventory:

Armour
 a - a +0 robe (worn)
 b - a +0 kite shield (worn)
Scrolls
 d - a scroll of enchant armour {unknown}
 f - a scroll of immolation {unknown}
Potions
 e - a potion of brilliance {unknown}


   Skills:
 * Level 2.8 Fighting
 + Level 2.6 Dodging
 + Level 0.1 Stealth
 + Level 2.6 Shields
 * Level 2.4 Unarmed Combat


You had 2 spell levels left.
You didn't know any spells.
Your spell library was empty.

Dungeon Overview and Level Annotations

Branches:
Dungeon (2/15)

Altars:


Innate Abilities, Weirdness & Mutations

You are too large for most types of armour.
You have claws for hands.
Your natural rate of healing is unusually fast.
You are covered in fur. (AC +1)
You have tough skin. (AC +1)


Message History

The ball python hisses angrily.
A ball python is nearby!
There is a stone staircase leading down here.
You completely miss the ball python. The ball python barely misses you.
You scratch the ball python.
You kill the ball python!
No target in view!
No target in view!
f - a scroll labelled WUXTIQ TOWORYP A sky beast comes into view.
A sky beast is nearby!
A sky beast is nearby!
A sky beast is nearby!
A sky beast is nearby!
You barely miss the sky beast.
The sky beast flickers out of sight!
Deactivating autopickup; reactivate with Ctrl-A.
Something hits you. Something shocks you.
No target in view!
You scratch something but do no damage. Something hits you.
Something shocks you.
You closely miss something. You block something's attack.
You closely miss something. You block something's attack.
Something hits you but does no damage.
You completely miss something. Something hits you. Something shocks you.
Sorry, you're not good enough to have a special ability.
Unknown command.
You aren't carrying any items that you can evoke.
You feel very mighty all of a sudden. Something hits you. Something shocks you.
* * * LOW HITPOINT WARNING * * *
You closely miss something. You block something's attack.
You miss something. Something hits you. Something shocks you.
* * * LOW HITPOINT WARNING * * *
You closely miss something. Something hits you but does no damage.
You closely miss something. Something hits you.
* * * LOW HITPOINT WARNING * * *
Something shocks you.
* * * LOW HITPOINT WARNING * * *
You barely miss something. Something hits you.
You die...

#.......... #.
#.......... #.#
#........# ...#
####.#.....#
..######.........#
......#.##.##..######
##.##......##.##<....
#...#......>..##.....
#.{@.....†##.......<
.......#......##.##.....
#.#?#.##.........##.....
# #....#.#.###.#######
#.####.#.# #.# #.... ..#
##.##### ..


There were no monsters in sight!

Vanquished Creatures
  An endoplasm (D:1)
  2 giant cockroaches (D:1)
  2 goblins (D:1)
  4 hobgoblins (D:1)
  8 jackals (D:1)
  3 ball pythons
  2 bats (D:1)
  4 kobolds (D:1)
  A rat (D:1)
27 creatures vanquished.

Notes
Turn   | Place    | Note
-------+----------+-------------------------------------------
     0 | D:1      | robertstho the Troll Fighter began the quest for the Orb.
     0 | D:1      | Reached XP level 1. HP: 22/22 MP: 0/0
    71 | D:1      | Reached XP level 2. HP: 29/29 MP: 1/1
   339 | D:1      | Reached XP level 3. HP: 36/36 MP: 2/2
   364 | D:1      | Found a faded altar of an unknown god.
   722 | D:2      | Noticed a sky beast
   733 | D:2      | HP: 1/36 [something (5)]
   734 | D:2      | Slain by a sky beast

Illustrated notes

Levels and vault maps discovered:
D:1:      eino_arrival_druids_welcome, layout_loops_ring,
          hellmonk_ecumenical_altar_zigzags
D:2:      layout_loops_cross, basic_altar, minmay_heptomino_h4

Action                   || total
-------------------------++-------
Melee: Unarmed           ||    93
  Use: Scroll            ||     2
       Potion            ||     1
 Stab: Sleeping          ||     1
Armor: Robe              ||    35
Dodge: Dodged            ||    32
Block: Kite shield       ||    49

Table legend: (Time is in decaauts)
 A = Elapsed time spent in this place.
 B = Non-inter-level travel time spent in this place.
 C = Inter-level travel time spent in this place.
 D = Time resting spent in this place.
 E = Time spent auto-exploring this place.
 F = Levels seen in this place.
 G = Mean time per level.
                   A        B        C        D        E       F      G
               +--------+--------+--------+--------+--------+-----+--------+
         Total |    749 |    711 |     38 |      0 |    532 |   2 |  374.5 |
       Dungeon |    749 |    711 |     38 |      0 |    532 |   2 |  374.5 |
               +--------+--------+--------+--------+--------+-----+--------+

Top non-repeatable levels by time:
     D:1: 710 daAuts
     D:2: 39 daAuts
